AoeStats
← eduhaas

Arena

510452283Analyzed
4v4 RM · 9h ago on Oct 1, 2026· 47m 35s· 8 players
Game mode
Random Map
Map size
Large (8 player)
Population
200
Speed
Normal
Resources
Standard
Victory
Conquest
Starting age
Dark Age
Ending age
Imperial Age
RankedLock teamsTeams togetherTeam positionsShared explorationLock speedFull tech treeHidden civsTurbo modeCheats
Victory
Defeat
🇺🇸 Turks · United States
1098
+15
🇺🇸 Hindustanis · United States
1093
+16
🇨🇳 Burgundians · China
1092
+16
🇺🇸 Tatars · United States
1056
+17
🇮🇳 Lithuanians · India
1201
-21
🇧🇷 Danes · Brazil
1089
-16
🇲🇽 Spanish · Mexico
1040
-14
🇧🇷 Malay · Brazil
1000
-13
eduhaas
10:43 Feudal Age
14:20 Castle Age
12:51 Double-Bit Axe
12:49 Horse Collar
15:24 Bow Saw
Jcn_x
6:13 Loom
11:57 Feudal Age
16:04 Castle Age
14:35 Double-Bit Axe
14:41 Horse Collar
19:04 Gold Mining
23:52 Squires
23:38 Arson
25:40 Forging
26:56 Bow Saw
31:43 Wheelbarrow
30:57 Pikeman
33:54 Murder Holes
LIGHTYRIX
10:43 Feudal Age
14:19 Castle Age
12:48 Double-Bit Axe
13:06 Horse Collar
15:38 Bow Saw
15:38 Heavy Plow
16:02 Loom
20:22 Gold Mining
22:49 Wheelbarrow
27:38 Man-at-Arms
28:30 Forging
28:21 Scale Mail Armor
31:38 Hand Cart
31:15 Stone Mining
32:02 Iron Casting
31:32 Scale Barding Armor
31:43 Chain Mail Armor
32:04 Scale Barding Armor
34:39 Imperial Age
32:53 Stone Shaft Mining
32:25 Scale Barding Armor
32:37 Chain Mail Armor
33:35 Pikeman
34:16 Squires
34:02 Arson
34:31 Bloodlines
34:22 Husbandry
34:11 Long Swordsman
35:13 Chain Barding Armor
34:48 Halberdier
34:55 Two-Handed Swordsman
35:23 Light Cavalry
36:48 Plate Barding Armor
36:21 Winged Hussar
38:37 Onager
39:01 Champion
Sesiom
9:51 Feudal Age
15:55 Castle Age
14:10 Double-Bit Axe
15:24 Horse Collar
21:21 Forging
21:11 Scale Mail Armor
21:57 Bow Saw
22:54 Heavy Plow
24:55 Arson
25:10 Squires
28:16 Gold Mining
30:10 Iron Casting
31:36 Gold Shaft Mining
32:10 Chain Mail Armor
36:13 Imperial Age
Sir Jones the Cool
10:40 Feudal Age
14:32 Castle Age
12:26 Horse Collar
13:41 Double-Bit Axe
17:24 Heavy Plow
19:01 Bow Saw
21:45 Wheelbarrow
27:21 Imperial Age
25:22 Forging
25:20 Scale Barding Armor
25:40 Hand Cart
25:13 Loom
25:45 Hand Cart
26:57 Iron Casting
26:56 Husbandry
27:09 Bloodlines
27:37 Gold Mining
29:12 Chain Barding Armor
28:56 Heavy Camel Rider
31:41 Plate Barding Armor
32:27 Blast Furnace
32:58 Two-Man Saw
32:06 Stone Mining
32:45 Conscription
33:55 Gold Shaft Mining
33:09 Imperial Camel Rider
35:24 Light Cavalry
38:59 Hussar
40:58 Siege Elephant
GoodLuck
0:32 Loom
13:11 Feudal Age
15:45 Wheelbarrow
14:56 Double-Bit Axe
14:52 Horse Collar
18:10 Castle Age
19:21 Hand Cart
19:17 Bow Saw
19:07 Heavy Plow
20:15 Light Cavalry
21:06 Bloodlines
23:50 Light Cavalry
25:05 Bloodlines
26:00 Forging
26:22 Husbandry
26:24 Scale Mail Armor
35:49 Gold Mining
35:50 Stone Mining
37:50 Iron Casting
37:22 Scale Barding Armor
38:02 Treadmill Crane
38:36 Fortified Wall
38:38 Masonry
41:05 Imperial Age
39:39 Chain Barding Armor
41:07 Hussar
43:08 Blast Furnace
42:43 Plate Barding Armor
43:38 Conscription
43:55 Silk Armor
47:57 Town Watch
Stevarino21
10:49 Feudal Age
11:48 Loom
15:27 Castle Age
14:42 Double-Bit Axe
15:52 Fletching
16:22 Horse Collar
16:49 Padded Archer Armor
23:17 Bodkin Arrow
24:23 Leather Archer Armor
33:43 Imperial Age
32:59 Forging
32:55 Scale Barding Armor
35:34 Heavy Plow
37:04 Wheelbarrow
36:57 Bow Saw
39:27 Ring Archer Armor
41:33 Bracer
42:47 Chain Barding Armor
43:03 Iron Casting
42:47 Bloodlines
44:10 Ballistics
43:56 Husbandry
44:34 Plate Barding Armor
45:24 Elite Janissary
46:35 Masonry
46:21 Murder Holes
47:45 Blast Furnace
48:27 Architecture
墨子
6:30 Double-Bit Axe
10:26 Feudal Age
9:26 Horse Collar
15:44 Castle Age
14:51 Bow Saw
21:28 Wheelbarrow
23:07 Scale Mail Armor
28:23 Heavy Plow
29:33 Gold Mining
30:36 Hand Cart
30:14 Loom
31:10 Gold Shaft Mining
37:51 Imperial Age
35:15 Pikeman
35:55 Squires
39:38 Chemistry
38:04 Halberdier
39:36 Fletching
45:11 Ballistics
Connection lost

Rejoining the realm…

Still unreachable

The connection could not be restored.

Session expired

The server has moved on; the page needs a fresh start.